AoeStats
← MUNIZ.JR. BR

Arabia

508558430Analyzed
2v2 RM · 9d ago on Sep 23, 2026· 36m 50s· 4 players
Game mode
Random Map
Map size
Medium (4 player)
Population
200
Speed
Normal
Resources
Standard
Victory
Conquest
Starting age
Dark Age
Ending age
Imperial Age
RankedLock teamsTeams togetherTeam positionsShared explorationLock speedFull tech treeHidden civsTurbo modeCheats
Victory
Defeat
🇧🇷 Varangians · Brazil
1188
+18
🇧🇷 Magyars · Brazil
1188
+18
🇺🇸 Saxons · United States
1248
-18
🇵🇪 Varangians · Peru
1237
-18
moramarlon18
7:16 Loom
9:43 Feudal Age
14:15 Bloodlines
15:54 Forging
16:49 Scale Barding Armor
24:51 Castle Age
23:26 Horse Collar
24:13 Gold Mining
24:54 Light Cavalry
26:13 Iron Casting
27:01 Chain Barding Armor
26:52 Husbandry
diegogv91
7:29 Loom
9:56 Feudal Age
10:09 Man-at-Arms
10:39 Double-Bit Axe
11:34 Arson
18:51 Horse Collar
19:48 Wheelbarrow
23:49 Castle Age
22:25 Scale Mail Armor
25:40 Fletching
29:55 Gambesons
34:10 Forging
35:33 Pikeman
MUNIZ.JR. BR
6:17 Loom
9:06 Feudal Age
9:43 Double-Bit Axe
10:31 Horse Collar
18:37 Scale Barding Armor
22:15 Castle Age
20:35 Bloodlines
21:08 Gold Mining
22:19 Light Cavalry
23:28 Chain Barding Armor
27:05 Town Watch
27:57 Wheelbarrow
29:12 Husbandry
34:31 Imperial Age
31:48 Town Watch
35:12 Gold Shaft Mining
34:35 Cavalier
35:58 Plate Barding Armor
34:53 Cavalier
Caveirose
6:22 Loom
7:05 Loom
9:36 Feudal Age
11:31 Feudal Age
11:59 Double-Bit Axe
15:45 Bloodlines
22:19 Fletching
25:08 Scale Barding Armor
27:43 Castle Age
26:09 Gold Mining
28:03 Forging
28:43 Wheelbarrow
32:00 Padded Archer Armor
36:31 Bow Saw
Connection lost

Rejoining the realm…

Still unreachable

The connection could not be restored.

Session expired

The server has moved on; the page needs a fresh start.